 Dungeon Crawl Stone Soup version 0.31-a0-165-g3f4f80340b (webtiles) character file.

Game seed: 11521052953737812415

71 qw the Shooter (level 4, -1/28 HPs)
             Began as a Gargoyle Hunter on June 13, 2023.
             Slain by an orc
             ... wielding a +0 falchion
              (6 damage)
             ... on level 2 of the Dungeon.
             The game lasted 00:00:36 (1373 turns).

qw the Shooter (Gargoyle Hunter)                    Turns: 1373, Time: 00:00:36

Health: -1/28      AC:  8    Str: 14    XL:     4   Next: 24%
Magic:  4/4        EV: 11    Int: 10    God:
Gold:   123        SH:  0    Dex: 15    Spells: 3/3 levels left

rFire   . . .        Y - +0 shortbow
rCold   . . .        (shield currently unavailable)
rNeg    + . .        c - +0 leather armour
rPois   inf          e - +0 helmet
rElec   +            (no cloak)
rCorr   .            (no gloves)
SInv    .            j - +0 pair of boots
Will    +....        (no amulet)
Stlth   ++           g - ring of willpower
HPRegen 0.24/turn    (no ring)
MPRegen 0.09/turn

%: no passive effects
@: no status effects
A: sickness immunity, AC +3, negative energy resistance 1, electricity
resistance, torment resistance 1, petrification resistance
a: no special abilities


You were on level 2 of the Dungeon.
You visited 1 branch of the dungeon, and saw 3 of its levels.

You collected 123 gold pieces.


Innate Abilities, Weirdness & Mutations

You are immune to sickness and miasma.
Your stone body is resilient. (AC +3)
You are immune to poison.
You resist negative energy. (rN+)
You are resistant to electric shocks. (rElec)
You are resistant to unholy torment.
You are immune to petrification.


   Skills:
 - Level 3.1 Fighting
 - Level 5.2 Ranged Weapons
 + Level 0.1 Armour
 - Level 1.5 Dodging
 - Level 1.1 Stealth


You had 3 spell levels left.
You didn't know any spells.
Your spell library was empty.

Inventory:

Hand Weapons
 Y - a +0 shortbow (weapon)
Armour
 c - a +0 leather armour (worn)
 e - a +0 helmet (worn)
 j - a +0 pair of boots (worn)
Jewellery
 g - a ring of willpower (left hand)
Potions
 a - a potion of enlightenment {unknown}
 d - a potion of curing {unknown}

Dungeon Overview and Level Annotations

Branches:
Dungeon (3/15)

Altars:


Message History

The orc hits you but does no damage. The orc completely misses you.
The orc misses you. The orc barely misses you.
You shoot an arrow. The arrow hits the orc.
You kill the orc!
The orc hits you but does no damage. x3
You shoot an arrow.
The arrow hits the orc but does no damage.
The orc misses you. The orc hits you but does no damage.
The orc hits you with a +0 short sword. The orc closely misses you.
The orc hits you with a +0 mace! The orc closely misses you.
You shoot an arrow. The arrow barely misses the orc.
The orc closely misses you. The orc barely misses you.
The orc closely misses you.
You shoot an arrow.
The arrow hits the orc but does no damage.
The orc hits you but does no damage. The orc barely misses you.
The orc closely misses you.
You shoot an arrow. The arrow barely misses the orc.
The orc hits you but does no damage. The orc barely misses you.
The orc hits you with a +0 short sword.
You shoot an arrow. The arrow hits the orc.
The orc is moderately wounded.
The orc barely misses you. x2; The orc hits you but does no damage.
You shoot an arrow.
The arrow hits the orc but does no damage.
The orc is moderately wounded.
The orc barely misses you. The orc hits you with a +0 mace.
The orc closely misses you.
You shoot an arrow. The arrow closely misses the orc.
The orc closely misses you. The orc barely misses you.
The orc hits you but does no damage. x2; The orc barely misses you.
The orc misses you.
You shoot an arrow.
The arrow hits the orc but does no damage.
The orc is lightly wounded.
The orc barely misses you. x3
You shoot an arrow. The arrow hits the orc.
The orc is almost dead.
The orc hits you with a +0 falchion.
You die...

....###..# #.###...........# ##.
.....##..# #.# #...........####..
###..##..# #.###.#..####.........
#..##..# #.....#..# ##.#####..
#..##..#####.###..# #........
###............###..# #######..
.....##.............# #..
###........##..####.# #..
#..##.##.##..)@o..# #..
##..##.##.###.#oo..###########..
##...............##..............
.[.........###..################.
##.#.......# #..# #. .#.#.......#
#..############ #. .#.#.......#
#...(.........#####. .#.#.....(.#
##.########)........ .).........#
#.# #..######.


You could see 3 orcs.

Vanquished Creatures
  2 adders (D:2)
  A worm (D:2)
  A dart slug (D:1)
  4 orcs
  5 bats
  4 endoplasms
  5 hobgoblins
  3 jackals (D:2)
  3 kobolds
  2 quokkas (D:1)
  2 frilled lizards (D:1)
  5 goblins (D:2)
  4 rats
41 creatures vanquished.

Notes
Turn   | Place    | Note
-------+----------+-------------------------------------------
     0 | D:1      | qw the Gargoyle Hunter began the quest for the Orb.
     0 | D:1      | Reached XP level 1. HP: 12/12 MP: 1/1
     0 | D:1      | 0 ||| qw: Version: 0.2-a-29-gc1b59c4
     0 | D:1      | 0 ||| qw: Game counter: 4764
     0 | D:1      | 0 ||| qw: Always use a shield: true
     0 | D:1      | 0 ||| qw: God list: Okawaru
     0 | D:1      | 0 ||| qw: Allow faded altars: false
     0 | D:1      | 0 ||| qw: Do Orc after D:15 true
     0 | D:1      | 0 ||| qw: Do second Lair branch before Depths: true
     0 | D:1      | 0 ||| qw: Lair rune preference: random
     0 | D:1      | 0 ||| qw: Plans: Normal, Zot:1-4, Slime:5, God:TSO, Crypt,
                  | Tomb, Abyss, Pan, Hells, Win
     0 | D:1      | 0 ||| PLANNING D:1-11
   248 | D:1      | Reached XP level 2. HP: 17/17 MP: 2/2
   552 | D:1      | 552 ||| UPGRADING to +0 helmet.
   557 | D:1      | 557 ||| UPGRADING to ring of willpower.
   558 | D:1      | 558 ||| READING scroll labelled SIUTHR NYSUMOOS.
   559 | D:1      | 559 ||| DROPPING scroll of butterflies.
   576 | D:2      | 576 ||| STAIRDANCE
   580 | D:1      | Reached XP level 3. HP: 18/21 MP: 3/3
   623 | D:2      | Reached skill level 5 in Ranged Weapons
   840 | D:2      | Reached skill level 3 in Fighting
   847 | D:2      | Reached XP level 4. HP: 25/28 MP: 4/4
   893 | D:2      | Found a faded altar of an unknown god.
  1308 | D:2      | 1308 ||| UPGRADING to +0 pair of boots.
  1313 | D:2      | 1313 ||| READING scroll labelled HYSTRO JUMEOWK.
  1314 | D:2      | 1314 ||| READING scroll labelled ABYASKICSU.
  1315 | D:2      | 1315 ||| DRINKING 2 blue potions.
  1318 | D:2      | 1318 ||| DRINKING 2 smoky purple potions.
  1319 | D:2      | 1319 ||| DROPPING potion of ambrosia.
  1320 | D:2      | 1320 ||| DROPPING potion of invisibility.
  1359 | D:3      | 1359 ||| STAIRDANCE
  1368 | D:2      | HP: 7/28 [orc/+0 short sword (3)]
  1373 | D:2      | Slain by an orc

Levels and vault maps discovered:
D:1:      psy_arrival_whirlpool, layout_loops_ring
D:2:      layout_loops_ring, ebering_ecumenical_altar_rust,
          guppyfry_early_orc_mine
D:3:      layout_rooms, minmay_circle_x

Skill      XL: |  1  2  3 |
---------------+----------+-----
Ranged Weapons | 5 |  5.2
Fighting       | 3 |  3.1
Armour         | |  0.1
Dodging        | |  1.5
Stealth        | |  1.1

Action                     |  1- 3 |  4- 6 || total
---------------------------+-------+-------++-------
   Fire: Shortbow          |   109 |    26 ||   135
    Use: Scroll            |     1 |     2 ||     3
         Potion            |       |     2 ||     2
 Armour: Leather armour    |    17 |    19 ||    36
  Dodge: Dodged            |    25 |    29 ||    54

Table legend:
 A = Non-vault XP
 B = Vault XP
 C = Vault XP percentage of total XP
 D = Non-vault monster count
 E = Vault monster count
 F = Vault count percentage of total count
                 A         B        C        D         E       F
            +---------+---------+-------+---------+---------+-------
      Total |      86 |      16 |  15.7 |      34 |       7 |  17.1
            +---------+---------+-------+---------+---------+-------
        D:1 |      26 |       3 |  10.3 |      14 |       1 |   6.7
        D:2 |      60 |      13 |  17.8 |      20 |       6 |  23.1
            +---------+---------+-------+---------+---------+-------
